 Dungeon Crawl Stone Soup version 0.28.0-53-g5a82cb258f (webtiles) character file.

Game seed: 16596457848851766040

99 pbellow the Skirmisher (level 4, -2/40 HPs)
             Began as a Hill Orc Fighter on May 29, 2022.
             Slain by Grinder (5 damage)
             ... on level 3 of the Dungeon.
             The game lasted 00:04:41 (3025 turns).

pbellow the Skirmisher (Hill Orc Fighter)           Turns: 3025, Time: 00:04:41

Health: -2/40      AC: 11    Str: 20    XL:     4   Next: 72%
Magic:  4/4        EV:  5    Int:  8    God:
Gold:   103        SH:  4    Dex: 10    Spells: 3/3 levels left

rFire   . . .      SeeInvis .   a - +0 war axe
rCold   . . .      Faith    .   c - +0 buckler
rNeg    . . .      Spirit   .   j - +0 plate armour
rPois   .          Reflect  .   (no helmet)
rElec   .          Harm     .   (no cloak)
rCorr   .          Rampage  .   (no gloves)
Will    .....                   (no boots)
Stlth   ..........              (no amulet)
HPRegen 0.13/turn               (no ring)
MPRegen 0.09/turn               (no ring)

@: no status effects
A: no striking features
a: no special abilities


You were on level 3 of the Dungeon.
You visited 1 branch of the dungeon, and saw 3 of its levels.

You collected 103 gold pieces.

Inventory:

Hand Weapons
 a - a +0 war axe (weapon)
Armour
 b - a +0 scale mail
 c - a +0 buckler (worn)
 j - a +0 plate armour (worn)
Jewellery
 l - a +4 ring of protection
Wands
 h - a wand of charming (10)
Scrolls
 e - 2 scrolls of blinking {unknown}
 f - 2 scrolls of vulnerability {unknown}
 g - 2 scrolls of amnesia {unknown}
 i - a scroll of fog {unknown}
 k - a scroll of noise {unknown}
Potions
 d - 2 potions of might


   Skills:
 + Level 4.2 Fighting
 + Level 4.1 Axes
 + Level 4.1 Armour
 + Level 0.9 Dodging
 + Level 3.7 Shields


You had 3 spell levels left.
You didn't know any spells.
Your spell library contained the following spells:

 Spells                   Type           Power      Damage    Failure   Level
 Olgreb's Toxic Radiance  Pois           0%         N/A       100%        4
 Ozocubu's Refrigeration  Ice            0%         4d5       100%        7
 Ignition                 Fire           0%         3d3       100%        8


Dungeon Overview and Level Annotations

Branches:
Dungeon (3/15)

Altars:
Okawaru
Vehumet

Shops:
D:3 [

Annotations:
D:3 Grinder


Message History

a +2 short sword of flaming; a kobold corpse You now have 103 gold pieces (gained 19).
Grinder comes into view.
Grinder blinks!
Grinder moves out of view.
Found 7 gold pieces.
Grinder drinks a potion.
Grinder flickers and vanishes!
Deactivating autopickup; reactivate with Ctrl-A.
You barely miss something. Something completely misses you.
You miss something. Something hits you but does no damage.
You slash something!
Something tries to affect you, but you resist.
Something tries to affect you, but you resist.
Pain shoots through your body!
You see here 7 gold pieces.
You see here 7 gold pieces.
You barely miss something.
Something tries to affect you, but you resist.
You barely miss something.
Something tries to affect you, but you resist.
Something hits you!
You writhe in agony.
You barely miss something. Pain shoots through your body!
You miss something. Pain shoots through your body!
You closely miss something. Something hits you!
* * * LOW HITPOINT WARNING * * *
Something hits you but does no damage.
You slash something! Pain shoots through your body!
* * * LOW HITPOINT WARNING * * *
Something tries to affect you, but you resist.
You miss something. Something hits you but does no damage. Something hits you.
* * * LOW HITPOINT WARNING * * *
You hit something but do no damage. Something hits you.
* * * LOW HITPOINT WARNING * * *
You writhe in agony.
* * * LOW HITPOINT WARNING * * *
You miss something. Something hits you but does no damage.
You miss something. Something hits you.
* * * LOW HITPOINT WARNING * * *
You writhe in agony.
You die...

#.# #.# ...
#.# #.# #.#
#.# #.# #.#
#.# #.# #.#
#.#
#.##########.#
#.......@$...#
##############


There were no monsters in sight!

Vanquished Creatures
  5 adders
  A worm (D:2)
  2 dart slugs
  An orc (D:3)
  3 endoplasms
  A giant cockroach (D:3)
  4 goblins
  5 hobgoblins
  2 jackals (D:1)
  A quokka (D:1)
  3 ball pythons (D:2)
  6 bats
  4 frilled lizards
  4 kobolds
  6 rats
48 creatures vanquished.

Notes
Turn   | Place    | Note
-------+----------+-------------------------------------------
     0 | D:1      | pbellow the Hill Orc Fighter began the quest for the Orb.
     0 | D:1      | Reached XP level 1. HP: 19/19 MP: 1/1
   133 | D:1      | Reached XP level 2. HP: 22/27 MP: 2/2
   596 | D:2      | Reached XP level 3. HP: 24/33 MP: 3/3
  1554 | D:2      | Reached XP level 4. HP: 40/40 MP: 4/4
  1570 | D:2      | Found an iron altar of Okawaru.
  1616 | D:2      | Found a faded altar of an unknown god.
  2108 | D:3      | Found a radiant altar of Vehumet.
  2368 | D:3      | Found Viryp's Armour Shoppe.
  2993 | D:3      | Noticed Grinder
  3025 | D:3      | Slain by Grinder

Illustrated notes

Levels and vault maps discovered:
D:1:      scummos_arrival_star, layout_rooms, nrook_mini_backslash,
          minmay_misc_feat_x, kennysheep_pointless_box
D:2:      minmay_general_purpose_star, layout_basic,
          dreamdust_ecumenical_altar_angels_and_demons, basic_altar
D:3:      layout_basic, nicolae_vehumet_altar_sigil, serial_shops, shop,
          hex_tiny, uniq_grinder

Skill      XL: |  1  2  3  4 |
---------------+-------------+-----
Axes           | 3 4 |  4.1
Fighting       | 4 |  4.2
Armour         | 4 |  4.1
Dodging        | |  0.9
Shields        | |  3.7

Action                   |  1- 3 |  4- 6 || total
-------------------------+-------+-------++-------
Melee: War axe           |    96 |    66 ||   162
Armor: Scale mail        |    64 |    21 ||    85
       Plate armour      |       |    16 ||    16
Dodge: Dodged            |    56 |    24 ||    80
Block: Buckler           |    29 |    16 ||    45
